 Dungeon Crawl Stone Soup version 0.30.0-15-g856e2d3f33 (webtiles) character file.

Game seed: 10454533455064401334

167 CaptainMV the Poker (level 5, 0/38 HPs)
             Began as a Demonspawn Wanderer on May 19, 2023.
             Slain by Sigmund
             ... wielding a +0 scythe
              (5 damage)
             ... on level 3 of the Dungeon.
             The game lasted 00:09:11 (1280 turns).

CaptainMV the Poker (Demonspawn Wanderer)           Turns: 1280, Time: 00:09:11

Health: 0/38       AC:  4    Str: 14    XL:     5   Next: 23%
Magic:  6/6        EV: 11    Int: 15    God:
Gold:   158        SH:  0    Dex: 11    Spells: 5/6 levels left

rFire   . . .        a - +2 spear (venom)
rCold   . . .        (no shield)
rNeg    . . .        d - +1 leather armour
rPois   .            (helmet restricted)
rElec   .            (no cloak)
rCorr   .            (no gloves)
SInv    .            (no boots)
Will    .....        (no amulet)
Stlth   +            (no ring)
HPRegen 0.26/turn    (no ring)
MPRegen 0.10/turn

%: no passive effects
@: hasted, very quick
A: hooves 1, horns 2, weakness stinger 1
a: no special abilities


You were on level 3 of the Dungeon.
You visited 1 branch of the dungeon, and saw 3 of its levels.

You collected 158 gold pieces.

Inventory:

Hand Weapons
 a - a +2 spear of venom (weapon)
Missiles
 m - 3 poisoned darts (quivered)
Armour
 b - a +0 helmet
 d - a +1 leather armour (worn)
Jewellery
 e - an amulet of faith
 f - an amulet of magic regeneration
Potions
 c - a potion of lignification
 i - a potion of cancellation {unknown}
 j - a potion of flight {unknown}
 k - 2 potions of mutation {unknown}
 l - a potion of curing {unknown}
 n - 2 potions of degeneration {unknown}


   Skills:
 + Level 1.7 Fighting
 + Level 4.9 Polearms
 + Level 2.1 Armour
 + Level 0.9 Dodging
 + Level 1.2 Stealth
 + Level 1.0 Spellcasting
 + Level 2.4 Necromancy
 + Level 1.2 Invocations


You had 5 spell levels left.
You knew the following spells:

 Your Spells              Type           Power      Damage    Failure   Level
a - Kiss of Death         Conj/Necr      16%        2d6       19%         1

Your spell library contained the following spells:

 Spells                   Type           Power      Damage    Failure   Level
 Vampiric Draining        Necr           8%         2d6       32%         3
 Call Canine Familiar     Summ           0%         N/A       65%         3
 Portal Projectile        Hex/Tloc       0%         N/A       65%         3
 Leda's Liquefaction      Hex/Erth       0%         N/A       96%         4


Dungeon Overview and Level Annotations

Branches:
Dungeon (3/15)

Altars:

Annotations:
D:3 Sigmund


Innate Abilities, Weirdness & Mutations

You have large cloven feet.
You have a pair of horns on your head.
You have a small tail.


Message History

You closely miss the kobold. Your kick misses the kobold.
You headbutt the kobold.
You kill the kobold!
You see here a +0 club.
Found a stone staircase leading up.
Found a leather armour.
There is a stone staircase leading down here.
Found 2 silvery potions.
Sigmund the Dreaded comes into view.
He is wielding a +0 scythe.
Sigmund shouts!
Sigmund's eyes start glowing with a red light.
Sigmund casts a spell.
Sigmund flickers and vanishes!
Deactivating autopickup; reactivate with Ctrl-A.
You see here 2 silvery potions.
n - 2 silvery potions A puff of flame appears from out of thin air!
The puff of flame hits you. Something hits you!
You hear some strange, mumbled words.
You are confused.
You feel much better. Something hits you.
You bump into the rock wall.
You hear some strange, mumbled words.
You are more confused.
Something hits you.
You barely miss something. Your kick misses something. Something hits you!
You bump into the rock wall.
A magic dart appears from out of thin air!
The magic dart hits you. Something hits you but does no damage.
You bump into the rock wall.
Something hits you.
You hit something. Your kick misses something. Your headbutt misses something.
You feel less confused.
You hear some strange, mumbled words.
A puff of flame appears from out of thin air!
The puff of flame hits you!
* * * LOW HITPOINT WARNING * * *
It was a potion of haste.
You feel yourself speed up. Something hits you.
You die...

.....
#...#...#.#######
.....
###.....#.#...
+####
...........#####
####.#...#.#
.........#.#
.###.#.#.#.#
........{#.#
#.##.#...#.#
#....@.#
.........#
#.#..#...#
.........#
###.####.# ...
..# ## ..# ...


There were no monsters in sight!

Vanquished Creatures
  A hound (D:3)
  Natasha (twice) (D:2)
  3 adders (D:2)
  2 worms (D:2)
  A dart slug (D:2)
  4 ball pythons
  4 endoplasms
  5 giant cockroaches
  4 hobgoblins
  2 quokkas (D:1)
  4 bats
  A frilled lizard (D:1)
  11 goblins
  2 kobolds
  5 rats
51 creatures vanquished.

Notes
Turn   | Place    | Note
-------+----------+-------------------------------------------
     0 | D:1      | CaptainMV the Demonspawn Wanderer began the quest for the
                  | Orb.
     0 | D:1      | CaptainMV set off with the following items: a +2 spear, a
                  | +0 helmet, a potion of lignification, a +0 leather armour;
                  | and the following spell memorised: Kiss of Death; and the
                  | following spells available to memorise: Vampiric Draining.
     0 | D:1      | Reached XP level 1. HP: 15/15 MP: 2/2
   112 | D:1      | Discovered your monstrous ancestry.
   112 | D:1      | Gained mutation: You have large cloven feet. [demonic
                  | ancestry]
   112 | D:1      | Reached XP level 2. HP: 17/21 MP: 3/3
   131 | D:1      | Reached skill level 4 in Polearms
   614 | D:2      | Gained mutation: You have a small tail. [demonic ancestry]
   614 | D:2      | Reached XP level 3. HP: 26/26 MP: 4/4
   671 | D:2      | Reached skill level 1 in Armour
   862 | D:2      | Gained mutation: You have a pair of small horns on your
                  | head. [demonic ancestry]
   862 | D:2      | Reached XP level 4. HP: 24/32 MP: 5/5
   988 | D:2      | Noticed Natasha
   996 | D:2      | Killed Natasha
  1002 | D:2      | Noticed Natasha
  1014 | D:2      | Killed Natasha
  1223 | D:3      | Gained mutation: You have a pair of horns on your head.
                  | [demonic ancestry]
  1223 | D:3      | Reached XP level 5. HP: 21/38 MP: 6/6
  1259 | D:3      | Noticed Sigmund
  1280 | D:3      | Slain by Sigmund

Illustrated notes

Levels and vault maps discovered:
D:1:      roderic_octagonal_star, layout_basic, nicolae_figureground_pulse
D:2:      kennysheep_the_goblin_king, layout_basic, uniq_natasha
D:3:      layout_basic, mainiacjoe_overflow_six_doors_small, uniq_sigmund

Skill      XL: |  1  2  3  4 |
---------------+-------------+-----
Polearms       | 4 |  4.9
Armour         | 1 2 |  2.1
Fighting       | |  1.7
Dodging        | |  0.9
Stealth        | |  1.2
Spellcasting   | |  1.0
Necromancy     | |  2.4
Invocations    | |  1.2

Action                     |  1- 3 |  4- 6 || total
---------------------------+-------+-------++-------
  Melee: Spear             |   100 |    34 ||   134
         Kick              |    15 |     3 ||    18
         Tailslap          |     4 |     1 ||     5
         Punch             |     1 |     1 ||     2
         Headbutt          |       |     8 ||     8
    Use: Scroll            |     4 |     1 ||     5
         Potion            |       |     3 ||     3
 Armour: Leather armour    |    34 |    14 ||    48
  Dodge: Dodged            |    60 |    20 ||    80
